 Dungeon Crawl Stone Soup version 0.29.1-12-g30fa7ad0bf (webtiles) character file.

Game seed: 1299468575534405878

9420 Peloso the Carver (level 11, -5/97 HPs)
             Began as a Minotaur Fighter on Dec 22, 2022.
             Was an Elder of Okawaru.
             Slain by a four-headed hydra (7 damage)
             ... on level 11 of the Dungeon.
             The game lasted 00:19:17 (11217 turns).

Peloso the Carver (Minotaur Fighter)               Turns: 11217, Time: 00:19:18

Health: -5/97      AC: 20    Str: 24    XL:     11   Next: 22%
Magic:  0/11       EV: 10    Int:  8    God:    Okawaru [****..]
Gold:   576        SH:  0    Dex: 11    Spells: 10/10 levels left

rFire   + . .      SeeInvis +   c - +1 glaive (flame)
rCold   . . .      Faith    .   (shield currently unavailable)
rNeg    . . .      Spirit   +   j - +0 plate armour
rPois   .          Reflect  .   (helmet restricted)
rElec   .          Harm     .   (no cloak)
rCorr   +          Rampage  .   y - +0 pair of gloves
Will    .....                   f - +0 pair of boots
Stlth   ..........              r - amulet "Feef Gick" {Spirit rF+ rCorr Int+3}
HPRegen 0.26/turn               G - +4 ring of slaying
MPRegen 0.12/turn               o - ring of see invisible

@: heroic, studying Transmutations
A: horns 2, retaliatory headbutt
a: Renounce Religion, Heroism, Finesse


You were on level 11 of the Dungeon.
You worshipped Okawaru.
Okawaru was greatly pleased with you.
You visited 2 branches of the dungeon, and saw 12 of its levels.

You collected 688 gold pieces.
You spent 112 gold pieces at shops.

Inventory:

Hand Weapons
 a - a +4 scimitar
 b - a +0 long sword of electrocution
 c - a +1 glaive of flaming (weapon)
Missiles
 L - a throwing net (quivered)
Armour
 d - a +0 kite shield
 f - a +0 pair of boots (worn)
 j - a +0 plate armour (worn)
 x - a +2 leather armour of cold resistance
 y - a +0 pair of gloves (worn)
 J - +0 swamp dragon scales
Jewellery
 o - a ring of see invisible (right hand)
 r - the amulet "Feef Gick" (around neck) {Spirit rF+ rCorr Int+3}
   (You found it on level 7 of the Dungeon)

   [amulet of guardian spirit]

   It causes incoming damage to be divided between your reserves of health and
   magic.
   Int:       It affects your intelligence (+3).
   rF:        It protects you from fire.
   rCorr:     It protects you from acid and corrosion.
 A - an amulet of magic regeneration
 G - a +4 ring of slaying (left hand)
 P - a ring of wizardry
Wands
 z - a wand of charming (12)
 K - a wand of digging (8)
 N - a wand of roots (5)
Scrolls
 h - a scroll of blinking
 i - 4 scrolls of amnesia
 n - a scroll of immolation
 p - a scroll of poison
 q - 3 scrolls of enchant armour
 t - 2 scrolls of fog
 u - a scroll of fear
 v - a scroll of magic mapping
 w - 3 scrolls of vulnerability {unknown}
 D - 4 scrolls of teleportation
 I - a scroll of noise
 O - a scroll of identify
Potions
 e - a potion of might
 g - 3 potions of cancellation
 k - 2 potions of flight
 l - a potion of magic
 m - 2 potions of mutation
 s - a potion of haste
 B - 3 potions of brilliance {unknown}
 C - 2 potions of lignification {unknown}
 E - 2 potions of berserk rage {unknown}
 F - 2 potions of curing
 H - a potion of invisibility {unknown}
 M - a potion of resistance {unknown}


   Skills:
 + Level 9.5(14.5) Fighting
 + Level 13.2(18.2) Long Blades
 + Level 11.4(16.4) Armour
 + Level 2.4(7.4) Dodging
 + Level 0.9(5.9) Stealth
 + Level 8.6(13.6) Shields
 + Level 2.0 Invocations


You had 10 spell levels left.
You didn't know any spells.
Your spell library contained the following spells:

 Spells                   Type           Power      Damage    Failure   Level
 Static Discharge         Conj/Air       0%         3-3/arc   99%         2
 Sublimation of Blood     Necr           0%         N/A       99%         2
 Wereblood                Tmut           0%         N/A       99%         2
 Ignite Poison            Fire/Tmut/Pois 0%         N/A       100%        3
 Inner Flame              Hex/Fire       0%         N/A       100%        3
 Mephitic Cloud           Conj/Pois/Air  0%         N/A       100%        3
 Cause Fear               Hex            0%         N/A       100%        4
 Freezing Cloud           Conj/Ice/Air   0%         6-21      100%        5
 Lightning Bolt           Conj/Air       0%         1d11      100%        5
 Discord                  Hex            0%         N/A       100%        8
 Maxwell's Capacitive Co  Air            0%         ∞         100%        8
 Summon Hydra             Summ           Unusable   N/A       N/A         7

Dungeon Overview and Level Annotations

Branches:
Dungeon (11/15)            Temple (1/1) D:6            Lair (0/5) D:9
    Orc (0/2) D:9

Altars:
Ashenzari
Cheibriados
Dithmenos
Elyvilon
Fedhas
Gozag
Hepliaklqana
Kikubaaqudgha
Makhleb
Nemelex Xobeh
Okawaru
Qazlal
Ru
Sif Muna
Trog
Uskayaw
Vehumet
Wu Jian
Xom
Yredelemnul
Zin
The Shining One

Shops:
D:6 *   D:8 =


Innate Abilities, Weirdness & Mutations

You have a pair of horns on your head.
You reflexively headbutt those who attack you in melee.


Message History

The five-headed hydra roars!
You start removing your armour.
You continue taking off your +0 kite shield. x4
You finish taking off your +0 kite shield.
Your +1 glaive of flaming bursts into flame!
c - a +1 glaive of flaming (weapon)
You gain the combat prowess of a mighty hero.
The five-headed hydra bites you.
The five-headed hydra barely misses you.
The five-headed hydra bites you but does no damage.
The five-headed hydra barely misses you.
The five-headed hydra bites you but does no damage.
You barely miss the five-headed hydra.
The five-headed hydra closely misses you.
You furiously retaliate!
You headbutt the five-headed hydra, but do no damage.
The five-headed hydra bites you but does no damage.
The five-headed hydra bites you.
The five-headed hydra bites you but does no damage.
The five-headed hydra bites you!
* * * LOW HITPOINT WARNING * * *
You slice one of the five-headed hydra's heads off!
The flame cauterises the wound!
You hit the four-headed hydra. You burn the four-headed hydra.
The four-headed hydra is lightly wounded.
The four-headed hydra barely misses you.
The four-headed hydra misses you.
The four-headed hydra bites you but does no damage.
The four-headed hydra barely misses you.
The four-headed hydra bites you but does no damage. x3
The four-headed hydra bites you!
* * * LOW HITPOINT WARNING * * *
You feel better. The four-headed hydra bites you!
* * * LOW HITPOINT WARNING * * *
The four-headed hydra bites you!
* * * LOW HITPOINT WARNING * * *
The four-headed hydra bites you.
* * * LOW HITPOINT WARNING * * *
The four-headed hydra bites you!
You die...

#...........###
#.............
#...$..)....#
#..>........#
#....(......#
#.......†...#
#......<†..[#
#.......†...#
#@D.........#
#...........#
#...........#
#...........#
#...........#
#...........#
#...........#
#........[..#
#...........


You could see a four-headed hydra.

Vanquished Creatures
  A boulder beetle (D:9)
  A manticore (D:8)
  An elephant (D:9)
  Maggie (D:9)
  A komodo dragon (D:10)
  2 trolls
  4 wraiths
  10 yaks
  A basilisk (D:9)
  2 wyverns (D:9)
  3 steam dragons
  2 acid dragons
  A water moccasin (D:7)
  3 orc warriors
  2 ice beasts
  2 sky beasts (D:7)
  2 black bears
  2 centaurs
  2 necrophages
  2 kobold brigands
  3 scorpions
  3 bullfrogs
  A gnoll sergeant (D:10)
  17 wights (D:8)
  5 killer bees (D:8)
  6 howler monkeys
  3 orc priests
  5 hounds
  2 gnoll boudas
  2 jellies
  3 iguanas
  7 orc wizards
  7 adders
  10 gnolls
  2 shadow imps
  A white imp (D:7)
  3 ufetubi
  3 worms
  2 dart slugs (D:2)
  44 orcs
  8 bats
  5 endoplasms
  4 giant cockroaches
  9 goblins
  10 hobgoblins
  3 jackals (D:2)
  2 quokkas
  8 ball pythons
  3 frilled lizards
  20 kobolds
  2 rats
248 creatures vanquished.

Vanquished Creatures (others)
  3 fungi (D:11)
  3 plants
6 creatures vanquished.

Grand Total: 254 creatures vanquished

Notes
Turn   | Place    | Note
-------+----------+-------------------------------------------
     0 | D:1      | Peloso the Minotaur Fighter began the quest for the Orb.
     0 | D:1      | Reached XP level 1. HP: 19/19 MP: 0/0
   289 | D:1      | Reached XP level 2. HP: 27/27 MP: 1/1
   574 | D:1      | Reached skill level 3 in Long Blades
   782 | D:1      | Found a faded altar of an unknown god.
   986 | D:2      | Reached XP level 3. HP: 28/31 MP: 2/2
  1213 | D:2      | Reached XP level 4. HP: 16/40 MP: 3/3
  1447 | D:2      | Reached skill level 4 in Long Blades
  1898 | D:3      | Reached skill level 1 in Dodging
  2341 | D:4      | Noticed a scorpion
  2353 | D:4      | Killed a scorpion
  2354 | D:4      | Reached XP level 5. HP: 29/47 MP: 4/4
  2580 | D:4      | Reached skill level 5 in Long Blades
  2720 | D:4      | Reached XP level 6. HP: 47/53 MP: 5/5
  2726 | D:4      | Reached skill level 5 in Armour
  3014 | D:5      | Entered Level 5 of the Dungeon
  3068 | D:5      | Reached skill level 5 in Fighting
  3603 | D:5      | Reached skill level 5 in Shields
  3603 | D:5      | Reached XP level 7. HP: 53/61 MP: 6/6
  3619 | D:5      | Reached skill level 6 in Long Blades
  4051 | D:5      | You fall into a shaft and drop 2 floors!
  4052 | D:7      | Noticed a steam dragon
  4060 | D:7      | Killed a steam dragon
  4083 | D:7      | Reached skill level 7 in Long Blades
  4100 | D:7      | Reached XP level 8. HP: 12/70 MP: 7/7
  4375 | D:7      | Found a white marble altar of Elyvilon.
  5025 | D:7      | Identified the amulet "Feef Gick" {Spirit rF+ rCorr Int+3}
  5258 | D:7      | Reached skill level 8 in Long Blades
  5304 | D:7      | Found a shimmering blue altar of Sif Muna.
  5304 | D:7      | Found a blossoming altar of Fedhas.
  6087 | D:6      | Reached skill level 9 in Long Blades
  6178 | D:6      | Found Wiuwiz's Neck Hole.
  6554 | D:6      | Reached XP level 9. HP: 58/78 MP: 5/8
  6688 | D:6      | Found a staircase to the Ecumenical Temple.
  6731 | Temple   | Entered the Ecumenical Temple
  6731 | Temple   | Found a transporter.
  6731 | Temple   | Found a transporter.
  6733 | Temple   | Found a transporter.
  6733 | Temple   | Found a transporter.
  6868 | D:6      | Found Kuto's Assorted Antiques.
  6878 | D:6      | Bought a scroll labelled AMIEK MEITODWA for 31 gold pieces
  6878 | D:6      | Bought a fuming brown potion for 27 gold pieces
  6878 | D:6      | Bought a green potion for 27 gold pieces
  6878 | D:6      | Bought a murky puce potion for 27 gold pieces
  7520 | D:5      | Found an iron altar of Okawaru.
  7539 | D:5      | Became a worshipper of Warmaster Okawaru
  8154 | D:8      | Reached skill level 10 in Long Blades
  8231 | D:8      | Reached * piety under Okawaru
  8541 | D:8      | Found Gesaqeum's Jewellery Shoppe.
  8542 | D:8      | Noticed a manticore
  8551 | D:8      | Killed a manticore
  8551 | D:8      | Reached ** piety under Okawaru
  8567 | D:8      | Reached XP level 10. HP: 56/88 MP: 7/9
  8570 | D:8      | Reached skill level 11 in Long Blades
  8570 | D:8      | Reached skill level 10 in Armour
  9027 | D:9      | Found a snail-covered altar of Cheibriados.
  9050 | D:9      | Found a staircase to the Lair.
  9050 | D:9      | Noticed an elephant
  9081 | D:9      | Killed an elephant
  9191 | D:9      | Found a staircase to the Orcish Mines.
  9348 | D:9      | Noticed Maggie
  9362 | D:9      | Killed Maggie
  9702 | D:9      | Noticed a boulder beetle
  9715 | D:9      | Killed a boulder beetle
  9715 | D:9      | Reached *** piety under Okawaru
  9716 | D:9      | Reached skill level 12 in Long Blades
 10109 | D:10     | Entered Level 10 of the Dungeon
 10119 | D:10     | Reached skill level 1 in Invocations
 10445 | D:10     | Reached **** piety under Okawaru
 10525 | D:10     | Reached XP level 11. HP: 87/97 MP: 9/11
 10928 | D:10     | Reached skill level 13 in Long Blades
 11207 | D:11     | Noticed a five-headed hydra
 11217 | D:11     | HP: 2/97 [four-headed hydra (5)]
 11217 | D:11     | Slain by a four-headed hydra

Illustrated notes

Levels and vault maps discovered:
D:1:      grunt_arrival_crossed_arrows, layout_basic, basic_ecumenical_altar,
          chequers_serial_rivers_micro_d
D:2:      layout_basic, supply_closet_lemuel
D:3:      layout_loops_ring
D:4:      layout_gridville, st_stairs_7
D:5:      layout_loops_corners, mainiacjoe_overflow_paths
D:6:      corexii_shack_village, layout_loops_corners,
          minmay_temple_entry_junction, serial_shops, nicolae_lakefront_shop,
          nicolae_shop_sticking_my_neck_out
D:7:      layout_basic, gammafunk_temple_overflow_statue, elyvilon_altar_1,
          kennysheep_generic_room_6
D:8:      layout_basic, serial_shops, shop
D:9:      layout_long_grid, lemuel_doored_altar, david_lair_generic,
          david_orc_2, uniq_maggie
D:10:     minmay_the_grid_3x2 [minmay_the_grid_box_x,
          minmay_the_grid_aliased_spiral, minmay_the_grid_outer_diamond,
          minmay_the_grid_broken_lines, minmay_the_grid_rooms,
          minmay_the_grid_prize_shrinking_boxes], layout_cave_pools
D:11:     minmay_goldmine, layout_cross, gammafunk_ghost_nasty_kobolds
Temple:   hellmonk_temple_divided_pantheon

Skill      XL: |  1  2  3  4  5  6  7  8  9 10 11 |
---------------+----------------------------------+-----
Shields        | 4 5 7 8 |  8.6
Long Blades    | 3 4 5 7 9 10 12 13 | 13.2
Fighting       | 4 5 6 8 9 |  9.5
Armour         | 4 5 6 8 9 11 | 11.4
Dodging        | 1 2 |  2.4
Invocations    | 2 |  2.0
Stealth        | |  0.9

Action                   |  1- 3 |  4- 6 |  7- 9 | 10-12 || total
-------------------------+-------+-------+-------+-------++-------
Melee: Long sword        |   119 |   140 |   406 |       ||   665
       Headbutt          |    18 |    24 |    87 |    45 ||   174
       Scimitar          |       |       |    20 |   209 ||   229
       Glaive            |       |       |       |     2 ||     2
Invok: Heroism           |       |       |       |     5 ||     5
  Use: Scroll            |     1 |     6 |     3 |     5 ||    15
       Potion            |       |     1 |     3 |     1 ||     5
Armor: Scale mail        |    80 |    13 |       |       ||    93
       Plate armour      |       |    76 |   242 |   127 ||   445
Dodge: Dodged            |    61 |    46 |   107 |    64 ||   278
Block: Buckler           |    38 |    38 |    91 |    53 ||   220
       Kite shield       |       |       |       |    16 ||    16
